[Event "Titled Tuesday Blitz April 19 Late 2022"]
[White "Nozdrachev, Leonid"]
[Black "Svane, Rasmus"]
[WhiteFideId "24113433"]
[BlackFideId "4657101"]
[WhiteElo "2242"]
[BlackElo "2645"]
[Result "1/2-1/2"]
[Round "01"]
[TimeControl "180+1"]
[Date "2022.04.19"]
[WhiteClock "0:00:04"]
[BlackClock "0:00:18"]

1. e4 c6 2. c4 d5 3. exd5 cxd5 4. cxd5 Nf6 5. Nc3 Nxd5 6. Bb5+ Bd7 7. Qb3 Nb6 8. Nf3 e6 9. d4 Be7 10. O-O O-O 11. Bd3 Bc6 12. Ne4 N8d7 13. Be3 Nf6 14. Nxf6+ Bxf6 15. Ne5 Bd5 16. Qc2 g6 17. Qe2 Rc8 18. b3 Qd6 19. Bf4 Qb4 20. Qe3 Rfd8 21. Rad1 a5 22. Qh3 Qe7 23. Ng4 Bg7 24. Rfe1 Bc6 25. Be5 Nd7 26. Bxg7 Kxg7 27. Qh6+ Kg8 28. Qf4 Kg7 29. Qh6+ Kg8 30. Qf4 h5 31. Ne5 Nxe5 32. dxe5 Kg7 33. h3 Rd7 34. Be4 Bxe4 35. Qxe4 Rcd8 36. Qf3 Qg5 37. Rxd7 Rxd7 38. g3 Rd5 39. h4 Qd8 40. Re2 b5 41. Kg2 a4 42. bxa4 bxa4 43. a3 Rd3 44. Qf4 Rxa3 45. Rd2 Rd3 46. Rxd3 Qxd3 47. Qxa4 Qd5+ 48. Kg1 Qxe5 49. Qb4 Qa1+ 50. Kg2 Qa8+ 51. Kg1 Qf3 52. Qe1 Qd5 53. Qe3 e5 54. Qe1 Qd4 55. Qe2 Kf6 56. Qe1 Kf5 57. Qe2 Qd5 58. Qe1 Qe4 59. Qf1 Qf3 60. Qh3+ Ke4 61. Qf1 Kf5 62. Qh3+ Kf6 63. Qf1 Qe4 64. Qd1 Kf5 65. Qf1 Kg4 66. Kh2 Kf5 67. Kg1 1/2-1/2


[Site "https://www.chess.com"]

[Event "Titled Tuesday Blitz April 19 Late 2022"]
[White "Oparin, Grigoriy"]
[Black "Zivkovic, Nemanja"]
[WhiteFideId "24125890"]
[BlackFideId "942154"]
[WhiteElo "2665"]
[BlackElo "2364"]
[Result "1-0"]
[Round "01"]
[TimeControl "180+1"]
[Date "2022.04.19"]
[WhiteClock "0:01:55"]
[BlackClock "0:00:53"]

1. e4 c5 2. Nf3 d6 3. d4 cxd4 4. Qxd4 a6 5. h3 Nf6 6. Nc3 e6 7. Bc4 Nbd7 8. O-O Qc7 9. Bb3 Be7 10. Bg5 b5 11. Rad1 Bb7 12. Rfe1 O-O 13. a3 Rfd8 14. Qe3 Nc5 15. Nd2 Rac8 16. Ba2 Ne8 17. Bxe7 Qxe7 18. Nb3 Nf6 19. f3 Qc7 20. Rd2 Nxb3 21. Bxb3 Nd7 22. Red1 Nc5 23. Ba2 h6 24. Ne2 Na4 25. c3 Nb6 26. Nf4 Qe7 27. Qxb6 1-0


[Site "https://www.chess.com"]

[Event "Titled Tuesday Blitz April 19 Late 2022"]
[White "Ozdemir, Serhan Berat"]
[Black "Babazada, Khazar"]
[WhiteFideId "6374611"]
[BlackFideId "13413554"]
[WhiteElo "1920"]
[BlackElo "2406"]
[Result "0-1"]
[Round "01"]
[TimeControl "180+1"]
[Date "2022.04.19"]
[WhiteClock "0:00:02"]
[BlackClock "0:02:26"]

1. e4 Nf6 2. Nc3 d5 3. exd5 Nxd5 4. Bc4 c6 5. Qf3 e6 6. Nge2 Nd7 7. d4 N7f6 8. O-O Be7 9. a3 O-O 10. Bg5 b6 11. Bd3 Bb7 12. Ne4 h6 13. Bh4 Nxe4 14. Qxe4 g6 15. Bg3 Bf6 16. Rad1 Ne7 17. Be5 Nf5 18. Ng3 Bxe5 19. dxe5 Qe7 20. Qf4 Kg7 21. Ne4 Rad8 22. Nf6 Rd4 23. Be4 c5 24. Rxd4 Nxd4 25. Re1 Rd8 26. Ng4 Ne2+ 27. Rxe2 Rd1+ 0-1


[Site "https://www.chess.com"]

[Event "Titled Tuesday Blitz April 19 Late 2022"]
[White "Paravyan, David"]
[Black "Ibadov, Dashgyn"]
[WhiteFideId "4194985"]
[BlackFideId "24107514"]
[WhiteElo "2569"]
[BlackElo "2138"]
[Result "1-0"]
[Round "01"]
[TimeControl "180+1"]
[Date "2022.04.19"]
[WhiteClock "0:02:21"]
[BlackClock "0:00:08"]

1. e4 e5 2. Nf3 Nc6 3. Nc3 Nf6 4. d4 exd4 5. Nxd4 Bb4 6. Nxc6 bxc6 7. Bd3 O-O 8. O-O d5 9. exd5 cxd5 10. Bg5 c6 11. Qf3 h6 12. Bxf6 Qxf6 13. Qxf6 gxf6 14. Ne2 Bd6 15. Nd4 Bd7 16. Nf5 Bxf5 17. Bxf5 Rab8 18. b3 Rfd8 19. Rad1 a5 20. Rd3 Rb4 21. a4 Be5 22. Rfd1 d4 23. Rh3 Kg7 24. Bd3 c5 25. Rh4 Rb7 26. Bc4 Bd6 27. Rg4+ Kf8 28. Rh4 Kg7 29. Re1 Re7 30. Rxe7 Bxe7 31. Rh5 Bd6 32. Bd3 Re8 33. g3 Re1+ 34. Kg2 Be5 35. f4 Bd6 36. Rd5 Be7 37. Rd7 Rc1 38. Rxe7 1-0


[Site "https://www.chess.com"]

[Event "Titled Tuesday Blitz April 19 Late 2022"]
[White "Peatman, Carter"]
[Black "Ostrovskiy, Aleksandr"]
[WhiteFideId "2096480"]
[BlackFideId "2034239"]
[WhiteElo "2473"]
[BlackElo "2340"]
[Result "0-1"]
[Round "01"]
[TimeControl "180+1"]
[Date "2022.04.19"]
[WhiteClock "0:00:33"]
[BlackClock "0:01:19"]

1. e4 d5 2. exd5 Nf6 3. d4 Bg4 4. Be2 Bxe2 5. Qxe2 Qxd5 6. Nf3 e6 7. O-O Nc6 8. Rd1 O-O-O 9. c4 Qh5 10. Be3 Rg8 11. Nc3 g5 12. Ne5 Qxe2 13. Nxe2 Nxe5 14. dxe5 Nd7 15. Nc3 Bg7 16. Bxg5 Rde8 17. f4 Bxe5 18. Rac1 Bd6 19. Ne4 Be7 20. a3 f6 21. Bh4 f5 22. Bxe7 Rxe7 23. Nc5 Nxc5 0-1


[Site "https://www.chess.com"]

[Event "Titled Tuesday Blitz April 19 Late 2022"]
[White "Perrine, Dalton"]
[Black "Sanal, Vahap"]
[WhiteFideId "2048434"]
[BlackFideId "6300545"]
[WhiteElo "2451"]
[BlackElo "2603"]
[Result "1-0"]
[Round "01"]
[TimeControl "180+1"]
[Date "2022.04.19"]
[WhiteClock "0:00:05"]
[BlackClock "0:00:16"]

1. Nf3 g6 2. e4 Bg7 3. d4 d6 4. c3 Nf6 5. Bd3 O-O 6. O-O e5 7. Re1 Nbd7 8. h3 b6 9. Be3 Bb7 10. Nbd2 Re8 11. d5 Nc5 12. Bc2 a5 13. b4 Ncd7 14. Ba4 Rf8 15. a3 Nh5 16. Nf1 Nf4 17. Ng3 h6 18. Rc1 axb4 19. axb4 Nd3 20. Qxd3 Rxa4 21. Qb5 Ra3 22. Qd3 Ba6 23. Qb1 Bc8 24. Qb2 Ra8 25. Ra1 Rxa1 26. Rxa1 f5 27. Ne2 f4 28. Bc1 g5 29. Ne1 Nf6 30. f3 h5 31. Nd3 g4 32. Nf2 gxf3 33. gxf3 Nh7 34. Kh2 Ng5 35. Ng1 Nf7 36. Qe2 Qh4 37. Nh1 Kh8 38. Bd2 Rg8 39. Be1 Qg5 40. Qg2 Qh6 41. Qf2 Bf6 42. Ra7 Bd8 43. c4 h4 44. Ne2 Kh7 45. c5 bxc5 46. bxc5 Rg3 47. cxd6 Qxd6 48. Nhxg3 hxg3+ 49. Nxg3 fxg3+ 50. Qxg3 Bg5 51. Kh1 Qc5 52. Ra2 Qc1 53. Rg2 Qf4 54. h4 Qxg3 55. Bxg3 Be3 56. Kh2 Bb6 57. Rc2 Kg7 58. Bf2 Ba5 59. Rc5 Bb6 60. Rc2 Bd7 61. Bxb6 cxb6 62. Rc7 Be8 63. d6 Ba4 64. Rb7 b5 65. h5 Bd1 66. h6+ Kg6 67. Rxf7 Kxf7 68. h7 Kg7 69. d7 1-0


[Site "https://www.chess.com"]

[Event "Titled Tuesday Blitz April 19 Late 2022"]
[White "Pesotskiy, Mikhail"]
[Black "Safarli, Eltaj"]
[WhiteFideId "34164453"]
[BlackFideId "13402129"]
[WhiteElo "2010"]
[BlackElo "2634"]
[Result "1/2-1/2"]
[Round "01"]
[TimeControl "180+1"]
[Date "2022.04.19"]
[WhiteClock "0:00:14"]
[BlackClock "0:00:44"]

1. d4 Nf6 2. c4 g6 3. Nc3 d5 4. Bg5 Ne4 5. Nxe4 dxe4 6. Qd2 Bg7 7. e3 h6 8. Bh4 c5 9. d5 g5 10. Bg3 Qb6 11. Rb1 Bf5 12. Ne2 Nd7 13. Nc3 Ne5 14. Be2 O-O 15. O-O Qb4 16. Bxe5 Bxe5 17. Qc2 Qa5 18. a3 Bxc3 19. Qxc3 Qxc3 20. bxc3 b6 21. Rbd1 Rfd8 22. f3 Rd6 23. fxe4 Bxe4 24. Bd3 Bxd3 25. Rxd3 e6 26. e4 exd5 27. cxd5 Re8 28. Re1 Re5 29. c4 f5 30. g3 Rd8 31. Rde3 Rde8 32. Kf2 fxe4 33. a4 Kf7 34. Ke2 Rf5 35. Kd1 Rfe5 36. Rf1+ Ke7 37. Kd2 Rf8 38. Ree1 e3+ 39. Kd3 Rxf1 40. Rxf1 Kd6 41. Re1 Rf5 42. Rxe3 h5 43. Re6+ Kd7 44. Rh6 g4 45. Rh7+ Kd6 46. Rxa7 Rf2 47. Rb7 Rxh2 48. Rxb6+ Kd7 49. Rh6 Ra2 50. Rxh5 Rxa4 51. Rh7+ Kd6 52. Rh6+ Kd7 53. Rh7+ Kd6 54. Rh6+ Kd7 55. Rc6 Ra3+ 56. Ke4 Rxg3 57. Rxc5 Rc3 58. Rc6 g3 59. Ke5 g2 60. Rg6 Rxc4 61. Rxg2 Rh4 62. Rg7+ Kd8 63. Rg6 Kd7 64. Rg7+ Kd8 65. Kd6 Rh6+ 66. Kc5 Rf6 67. Ra7 Rh6 68. Ra8+ Kd7 69. Ra7+ Kd8 70. Rg7 Rf6 71. Kd4 Rh6 72. Ke5 Ke8 73. Rc7 Kd8 74. Rc1 Rh5+ 75. Kd6 Rh6+ 76. Kc5 Kd7 77. Rg1 Rf6 78. Rg7+ Kd8 1/2-1/2


[Site "https://www.chess.com"]

[Event "Titled Tuesday Blitz April 19 Late 2022"]
[White "Petrovskyi, Vadym"]
[Black "Zlatin, Alexander"]
[WhiteFideId "14165210"]
[BlackFideId "2810549"]
[WhiteElo "2400"]
[BlackElo "2228"]
[Result "1/2-1/2"]
[Round "01"]
[TimeControl "180+1"]
[Date "2022.04.19"]
[WhiteClock "0:00:30"]
[BlackClock "0:00:16"]

1. e4 e5 2. Nf3 Nc6 3. d4 exd4 4. Bc4 Bc5 5. c3 Nf6 6. e5 d5 7. Bb5 Ne4 8. cxd4 Bb6 9. Nc3 O-O 10. h3 Bf5 11. O-O h6 12. Be3 Ne7 13. Rc1 c6 14. Bd3 Nxc3 15. bxc3 Qd7 16. Ne1 f6 17. exf6 Rxf6 18. Bf4 Raf8 19. Be5 Rg6 20. Kh2 Bc7 21. f4 Bxd3 22. Nxd3 Nf5 23. Qe1 Ng3 24. Rf3 Ne4 25. c4 Bd8 26. cxd5 cxd5 27. Nc5 Nxc5 28. dxc5 Bc7 29. Rd1 Re6 30. Re3 Rxf4 31. Bxc7 Rxe3 32. Qxe3 Qxc7 33. Qg3 Rf7 34. Rxd5 Qxg3+ 35. Kxg3 Rc7 36. Kf4 Kf7 37. Ke5 Ke7 38. a4 Rc6 39. Kd4 Ra6 40. Re5+ Kf6 41. Re8 Rxa4+ 42. Kd5 Ra1 43. Rb8 Rd1+ 44. Ke4 Rd7 45. h4 a6 46. g3 Ke6 47. Re8+ Re7 48. Rb8 Rc7 49. Kd4 Kf5 50. Kd5 Kg4 51. Kd6 Rc6+ 52. Kd5 Rc7 53. Kd6 Rf7 54. Ke6 Rf6+ 55. Kd5 Rf7 56. Ke6 Rc7 57. Kd6 1/2-1/2


[Site "https://www.chess.com"]

[Event "Titled Tuesday Blitz April 19 Late 2022"]
[White "Piliczewski, Bogusz"]
[Black "Barria Zuniga, Daniel"]
[WhiteFideId "1104144"]
[BlackFideId "3400816"]
[WhiteElo "1896"]
[BlackElo "2414"]
[Result "0-1"]
[Round "01"]
[TimeControl "180+1"]
[Date "2022.04.19"]
[WhiteClock "0:01:43"]
[BlackClock "0:02:11"]

1. d4 g6 2. Nf3 Bg7 3. Bf4 c5 4. c3 Nf6 5. e3 O-O 6. h3 d6 7. Be2 Nc6 8. O-O Be6 9. Nbd2 Qb6 10. Qc1 Rac8 11. Nc4 Bxc4 12. Bxc4 cxd4 13. exd4 Nxd4 14. Bxf7+ Rxf7 15. Nxd4 e5 16. Be3 exd4 17. Bxd4 Qc6 18. Re1 Nd5 19. Qd1 Nf4 20. Bxg7 Qxg2# 0-1


[Site "https://www.chess.com"]

[Event "Titled Tuesday Blitz April 19 Late 2022"]
[White "Plotnikov, Pavel"]
[Black "Nakamura, Hikaru"]
[WhiteFideId "4170342"]
[BlackFideId "2016192"]
[WhiteElo "2298"]
[BlackElo "2850"]
[Result "0-1"]
[Round "01"]
[TimeControl "180+1"]
[Date "2022.04.19"]
[WhiteClock "0:00:07"]
[BlackClock "0:00:47"]

1. e4 g6 2. d4 Bg7 3. Nc3 a6 4. a4 b6 5. h4 h5 6. Nf3 Bb7 7. Ng5 e6 8. Qf3 Nh6 9. Be3 Nc6 10. d5 Nb4 11. O-O-O Qe7 12. d6 cxd6 13. Bxb6 Rc8 14. Bd4 Bxd4 15. Rxd4 d5 16. exd5 Nf5 17. Rc4 O-O 18. g4 hxg4 19. Qxg4 Nxd5 20. h5 Rxc4 21. Bxc4 Nf6 22. Qh3 Bxh1 23. hxg6 fxg6 24. Qxh1 Nh5 25. Qg1 Kg7 26. Bd3 Nf4 27. Bxa6 d5 28. Nf3 e5 29. Nd2 e4 30. Qe1 Qf6 31. Bb5 Nd4 32. Kb1 Rc8 33. Nb3 Nxb3 34. cxb3 Qe5 35. a5 Qf5 36. Ka2 d4 37. Qxe4 dxc3 38. Qb7+ Kh6 39. Bd7 Qxa5+ 40. Kb1 c2+ 0-1


[Site "https://www.chess.com"]

[Event "Titled Tuesday Blitz April 19 Late 2022"]
[White "Potapova, Margarita"]
[Black "Romero Ruscalleda, Josep"]
[WhiteFideId "14126869"]
[BlackFideId "2231859"]
[WhiteElo "2216"]
[BlackElo "2308"]
[Result "1-0"]
[Round "01"]
[TimeControl "180+1"]
[Date "2022.04.19"]
[WhiteClock "0:00:17"]
[BlackClock "0:00:01"]

1. d4 g6 2. e4 Bg7 3. Nc3 d6 4. Be3 a6 5. h4 h5 6. Nh3 b5 7. Ng5 Nf6 8. f3 O-O 9. Qd2 e5 10. dxe5 dxe5 11. O-O-O Qxd2+ 12. Rxd2 Nc6 13. Bc5 Re8 14. a4 bxa4 15. Bc4 Be6 16. Bxe6 fxe6 17. Nxa4 Bh6 18. Be3 Nh7 19. Rd7 Re7 20. Rhd1 Rae8 21. Nc5 Nd4 22. c3 Rxd7 23. Nxd7 Rd8 24. Nc5 Ne2+ 25. Kc2 Rxd1 26. Kxd1 Bxg5 27. hxg5 Nf4 28. Bxf4 exf4 29. Nxe6 Kf7 30. Nxf4 Nxg5 31. Nd5 Ne6 32. Ke2 a5 33. Ke3 c6 34. Nb6 h4 35. Nc4 a4 36. Nb6 Nc5 37. Kd4 Nb3+ 38. Kc4 Nd2+ 39. Kd3 Nxf3 40. Ke2 Ng5 41. Ke3 a3 42. bxa3 Ne6 43. a4 Nc5 44. a5 g5 45. Nc4 Kf6 46. Nd6 g4 47. Kf4 h3 48. gxh3 gxh3 49. Kg3 Ke5 50. Nb7 Nxb7 51. a6 Nd6 52. a7 Nxe4+ 53. Kxh3 Nxc3 54. a8=Q Kd5 55. Kg2 Nb5 56. Kf1 Nd6 57. Qg8+ Kc5 58. Ke2 Nc4 59. Kd3 Nd6 60. Kc3 Kb6 61. Qb8+ Nb7 62. Qh8 Kc5 63. Qd4+ Kb5 64. Qc4+ Kb6 65. Qb4+ Kc7 66. Kc4 Nd6+ 67. Kb3 Nb5 68. Qh4 Kb6 69. Kb4 1-0


[Site "https://www.chess.com"]

[Event "Titled Tuesday Blitz April 19 Late 2022"]
[White "Pourkashiyan, Atousa"]
[Black "Rytenko, Vsevolod"]
[WhiteFideId "12502014"]
[BlackFideId "14133040"]
[WhiteElo "2247"]
[BlackElo "2120"]
[Result "0-1"]
[Round "01"]
[TimeControl "180+1"]
[Date "2022.04.19"]
[WhiteClock "0:01:18"]
[BlackClock "0:02:16"]

1. e4 c5 2. Nf3 d6 3. d4 cxd4 4. Nxd4 Nf6 5. Nc3 a6 6. Be2 e5 7. Nb3 Be7 8. O-O O-O 9. Be3 Be6 10. Qd3 Nc6 11. a3 d5 12. exd5 Nxd5 13. Nxd5 Qxd5 14. Qxd5 Bxd5 15. Rfd1 Bxb3 16. cxb3 Rfd8 17. Bf3 Rxd1+ 18. Rxd1 Rd8 19. Rxd8+ Bxd8 20. Kf1 Kf8 21. Bc5+ Be7 22. Bb6 Bd6 23. Ke2 Ke7 24. Kd3 f5 25. Bd5 e4+ 26. Ke3 Be5 27. Bxc6 bxc6 28. Bd4 Ke6 29. g3 Kd5 30. Bc3 g5 31. h3 f4+ 32. gxf4 gxf4+ 33. Ke2 Bd4 34. Bd2 f3+ 35. Ke1 Bxb2 36. a4 Kd4 37. Ba5 Bc3+ 38. Bxc3+ Kxc3 0-1


[Site "https://www.chess.com"]

[Event "Titled Tuesday Blitz April 19 Late 2022"]
[White "Prohorov, Olexandr"]
[Black "Lin, Dachey"]
[WhiteFideId "14105578"]
[BlackFideId "2029650"]
[WhiteElo "1993"]
[BlackElo "2313"]
[Result "0-1"]
[Round "01"]
[TimeControl "180+1"]
[Date "2022.04.19"]
[WhiteClock "0:00:03"]
[BlackClock "0:00:12"]

1. e4 g6 2. d4 Bg7 3. Nc3 d5 4. Nf3 c6 5. h3 dxe4 6. Nxe4 Nd7 7. Bc4 Ngf6 8. Nxf6+ Nxf6 9. O-O O-O 10. Re1 Nd5 11. Bg5 Re8 12. Qd2 a5 13. a4 Qb6 14. c3 Be6 15. Rxe6 fxe6 16. Re1 c5 17. Bh4 Rad8 18. Bb5 Rf8 19. dxc5 Qxc5 20. Qc2 Nf4 21. Qe4 Qf5 22. Qxb7 Nxh3+ 23. gxh3 Qxf3 24. Qxf3 Rxf3 25. Kg2 Rf4 26. Bg3 Rf6 27. Bc4 Kf7 28. Be5 Rf5 29. Bc7 Rg5+ 30. Kf1 Ra8 31. Bxe6+ Kf8 32. Bg3 Rc5 33. Kg2 Bf6 34. Re2 Ra7 35. Re1 Rb7 36. Re2 Rb6 37. Ba2 Rc8 38. Be6 Rd8 39. Bg4 Rd3 40. Be6 Rd1 41. Bc4 Bg5 42. h4 Bc1 43. b3 Rd2 44. Re3 Bb2 45. Rf3+ Rf6 46. Be5 Rxf3 47. Kxf3 Rc2 48. Bc7 Bxc3 49. Ke3 Bb4 50. f4 Rc3+ 51. Ke4 h5 52. f5 Rh3 53. fxg6 Rxh4+ 54. Ke5 Rg4 55. Bf7 h4 56. Bb6 Bc3+ 57. Kf5 Rg3 58. b4 Bxb4 59. Bf2 Rf3+ 60. Kg4 Rxf2 61. Kxh4 Rxf7 0-1


[Site "https://www.chess.com"]

[Event "Titled Tuesday Blitz April 19 Late 2022"]
[White "Przybylski, Wojciech"]
[Black "Holt, Conrad"]
[WhiteFideId "1117599"]
[BlackFideId "2034387"]
[WhiteElo "2133"]
[BlackElo "2586"]
[Result "0-1"]
[Round "01"]
[TimeControl "180+1"]
[Date "2022.04.19"]
[WhiteClock "0:00:12"]
[BlackClock "0:00:14"]

1. e4 e6 2. d4 d5 3. Nc3 Nf6 4. Bg5 dxe4 5. Nxe4 Be7 6. Bxf6 Bxf6 7. Nf3 Nd7 8. Bd3 c5 9. Nxf6+ Qxf6 10. c3 O-O 11. O-O b6 12. Be4 Rb8 13. Qa4 a5 14. Bc6 Rd8 15. Rad1 cxd4 16. Qxd4 Ba6 17. Rfe1 Nc5 18. Qxf6 gxf6 19. Rd4 Nd3 20. Rb1 f5 21. g3 e5 22. Rd7 Rdc8 23. Bd5 Rd8 24. Bxf7+ Kg7 25. Be6+ Kf6 26. Rxd8 Rxd8 27. Bb3 Bb7 28. Ne1 Nc5 29. Rd1 Rxd1 30. Bxd1 Bd5 31. b3 Ne4 32. c4 Nc3 33. cxd5 Nxd1 34. a3 Nc3 35. b4 axb4 36. axb4 Nxd5 37. Nc2 Ke6 38. Kf1 Kd6 39. Ke2 Kc6 40. Kd3 Kb5 41. f3 Nxb4+ 42. Nxb4 Kxb4 43. g4 fxg4 44. fxg4 Kc5 45. Ke4 Kd6 46. h4 b5 47. g5 Ke6 48. h5 b4 49. Kd3 Kf5 50. g6 hxg6 51. h6 Kf6 52. h7 Kg7 53. Kc4 Kxh7 54. Kxb4 g5 55. Kc4 g4 56. Kd3 Kg6 57. Ke4 Kf6 58. Ke3 Kf5 59. Kf2 Kf4 60. Kg2 e4 0-1


[Site "https://www.chess.com"]

[Event "Titled Tuesday Blitz April 19 Late 2022"]
[White "Rasulov, Vugar"]
[Black "Musovic, Armin"]
[WhiteFideId "13402390"]
[BlackFideId "939935"]
[WhiteElo "2560"]
[BlackElo "2255"]
[Result "1-0"]
[Round "01"]
[TimeControl "180+1"]
[Date "2022.04.19"]
[WhiteClock "0:02:00"]
[BlackClock "0:02:07"]

1. e4 c6 2. Nc3 d5 3. Nf3 dxe4 4. Nxe4 Nf6 5. Qe2 Nxe4 6. Qxe4 Qd5 7. Qf4 Qe6+ 8. Be2 Qg4 9. Qg3 g6 10. d4 Qxg3 11. hxg3 Bg7 12. c3 h5 13. Bf4 a6 14. O-O-O Nd7 15. Bc4 b5 16. Bb3 a5 17. Ng5 e6 18. Ne4 O-O 19. f3 a4 20. Bc2 Nf6 21. Nc5 a3 22. b3 Nd5 23. Bd2 b4 24. c4 Nc3 25. Bxc3 bxc3 26. Be4 Ra5 27. Kc2 Bxd4 28. Nxe6 Bxe6 29. Rxd4 Rg5 30. Kxc3 Rxg3 31. Rd2 c5 32. Re1 h4 33. Re3 g5 34. Bd5 Re8 35. Bxe6 Rxe6 36. Rxe6 fxe6 37. b4 cxb4+ 38. Kxb4 h3 39. gxh3 Rxh3 40. c5 Kf7 41. c6 Rh8 42. Kc5 Kf6 43. c7 Ke5 44. Rd8 Rh1 45. c8=Q Rc1+ 46. Kb4 Rxc8 47. Rxc8 Kf4 48. Rf8+ 1-0


[Site "https://www.chess.com"]

[Event "Titled Tuesday Blitz April 19 Late 2022"]
[White "Reprintsev, Alexander"]
[Black "Kazakouski, Valery"]
[WhiteFideId "14100541"]
[BlackFideId "13507443"]
[WhiteElo "2108"]
[BlackElo "2524"]
[Result "1-0"]
[Round "01"]
[TimeControl "180+1"]
[Date "2022.04.19"]
[WhiteClock "0:00:36"]
[BlackClock "0:00:04"]

1. e4 c5 2. b3 Nc6 3. Bb2 Nf6 4. e5 Nd5 5. Nf3 e6 6. c4 Nde7 7. d4 cxd4 8. Nxd4 Qa5+ 9. Bc3 Qxe5+ 10. Be2 Nxd4 11. Bxd4 Qc7 12. O-O Nf5 13. Bb2 Bd6 14. h3 O-O 15. Nc3 a6 16. Bd3 Ne7 17. Ne4 Be5 18. Qh5 Ng6 19. Ng5 h6 20. Nxf7 Bh2+ 21. Kh1 Nf4 22. Nxh6+ gxh6 23. Qxh6 Kf7 24. Qg7+ Ke8 25. Be5 Nxd3 26. Bxc7 Bxc7 27. Qg6+ 1-0


[Site "https://www.chess.com"]

[Event "Titled Tuesday Blitz April 19 Late 2022"]
[White "Ricaurte Lopez, Juan Carlos"]
[Black "Bodi, Tibor"]
[WhiteFideId "3600327"]
[BlackFideId "701084"]
[WhiteElo "2209"]
[BlackElo "2243"]
[Result "0-1"]
[Round "01"]
[TimeControl "180+1"]
[Date "2022.04.19"]
[WhiteClock "0:00:01"]
[BlackClock "0:00:23"]

1. e4 Nf6 2. e5 Nd5 3. d4 d6 4. Nf3 Nb6 5. h3 g6 6. Nc3 Bg7 7. Bf4 O-O 8. Qd2 dxe5 9. Nxe5 Nc6 10. O-O-O Nd5 11. Bg3 Ncb4 12. Bc4 Be6 13. Bb3 a5 14. Kb1 a4 15. Bxd5 Nxd5 16. Nxd5 Qxd5 17. c4 Qe4+ 18. Ka1 c5 19. f3 Qxd4 20. Qxd4 cxd4 21. Rxd4 a3 22. b3 f6 23. Nd7 Rfd8 24. Rhd1 Bf7 25. Kb1 e5 26. Rd6 Be8 27. Nc5 Rxd6 28. Rxd6 Bf8 29. Rd5 Bc6 30. Nd7 Kf7 31. Rd2 Bb4 32. Rd1 e4 33. Nb6 Ra6 34. Nd5 Bxd5 35. cxd5 e3 36. Kc2 e2 37. Rc1 Ra5 38. Kd3 Rxd5+ 39. Kxe2 Rd2+ 0-1


[Site "https://www.chess.com"]

[Event "Titled Tuesday Blitz April 19 Late 2022"]
[White "Riehle, Marco"]
[Black "Caruana, Fabiano"]
[WhiteFideId "12904392"]
[BlackFideId "2020009"]
[WhiteElo "2462"]
[BlackElo "2744"]
[Result "1-0"]
[Round "01"]
[TimeControl "180+1"]
[Date "2022.04.19"]
[WhiteClock "0:01:00"]
[BlackClock "0:00:41"]

1. e4 e6 2. c4 d5 3. cxd5 exd5 4. Qb3 Nf6 5. e5 Ne4 6. Nc3 Nxc3 7. bxc3 Nc6 8. d4 Be7 9. Bd3 O-O 10. Nf3 Bg4 11. Qxb7 Na5 12. Qb1 Rb8 13. Qc2 h6 14. Nd2 c5 15. O-O Qd7 16. f3 Be6 17. f4 c4 18. Bh7+ Kh8 19. f5 g6 20. fxg6 fxg6 21. Bxg6 Rxf1+ 22. Nxf1 Rg8 23. Ng3 Bf8 24. Bf5 Nc6 25. Bxe6 Qxe6 26. Be3 Bg7 27. Rf1 Rf8 28. Rxf8+ Bxf8 29. Qf5 Qxf5 30. Nxf5 Kh7 31. g4 Kg6 32. Kg2 Nd8 33. Kg3 Ne6 34. Bd2 a5 35. Ne3 Nc7 36. h4 h5 37. gxh5+ Kxh5 38. Ng4 Kg6 39. Ne3 Kh5 40. Nf5 a4 41. Kh3 Ba3 42. Ng3+ Kg6 43. Kg4 Bb2 44. h5+ Kf7 45. Kf5 Nb5 46. e6+ Ke7 47. Ne2 Nd6+ 48. Ke5 Ne4 49. Be1 1-0


[Site "https://www.chess.com"]

[Event "Titled Tuesday Blitz April 19 Late 2022"]
[White "Rosen, Eric"]
[Black "Gu, Xiaobing"]
[WhiteFideId "2032562"]
[BlackFideId "8602611"]
[WhiteElo "2362"]
[BlackElo "2174"]
[Result "1-0"]
[Round "01"]
[TimeControl "180+1"]
[Date "2022.04.19"]
[WhiteClock "0:00:14"]
[BlackClock "0:00:06"]

1. d4 Nf6 2. Bf4 g6 3. Nc3 d5 4. e3 Bg7 5. h4 h5 6. Nf3 c5 7. Nb5 Na6 8. c3 Bg4 9. Be2 O-O 10. Ne5 Bxe2 11. Qxe2 Nd7 12. a4 Nxe5 13. Bxe5 f6 14. Bg3 e5 15. dxe5 fxe5 16. Rd1 d4 17. cxd4 cxd4 18. exd4 exd4 19. O-O Kh7 20. Rd2 Nc5 21. Bd6 Rf5 22. Nxd4 Rd5 23. Bxc5 Bxd4 24. Rfd1 Rxc5 25. Rxd4 Qxh4 26. Rd7+ Kh6 27. Rxb7 Rf8 28. g3 Qg5 29. Rdd7 Qc1+ 30. Kg2 Rcf5 31. Rh7+ Kg5 32. f4+ 1-0


[Site "https://www.chess.com"]

[Event "Titled Tuesday Blitz April 19 Late 2022"]
[White "Sanchez Alvares, Kelvin Antonio"]
[Black "Moskalenko, Alexander"]
[WhiteFideId "3906680"]
[BlackFideId "4155351"]
[WhiteElo "2193"]
[BlackElo "2434"]
[Result "0-1"]
[Round "01"]
[TimeControl "180+1"]
[Date "2022.04.19"]
[WhiteClock "0:00:10"]
[BlackClock "0:00:04"]

1. e4 c5 2. Nf3 e6 3. d4 cxd4 4. Nxd4 a6 5. c4 Nf6 6. Nc3 Bb4 7. f3 d5 8. Qa4+ Nc6 9. cxd5 exd5 10. Nxc6 Bxc3+ 11. bxc3 bxc6 12. Qxc6+ Bd7 13. Qd6 dxe4 14. Ba3 exf3 15. O-O-O Be6 16. Qc6+ Nd7 17. Qxf3 Rc8 18. Bxa6 Qa5 19. Bxc8 Qxa3+ 20. Kd2 O-O 21. Bxd7 Bxd7 22. Ke2 Qxa2+ 23. Kf1 Bb5+ 24. Kg1 Be2 25. Qf2 Qc4 26. Re1 Bh5 27. Qd4 Qc7 28. Qe5 Qa7+ 29. Qe3 Qc7 30. Kf2 Bg6 31. Qe5 Qb6+ 32. Qd4 Qc7 33. Re3 h6 34. h3 Rd8 35. Qe5 Rd2+ 36. Ke1 Qxe5 37. Rxe5 Rxg2 38. Rf1 Rg3 39. Kd2 Rd3+ 40. Ke2 Rxc3 41. Re3 Rc2+ 42. Kf3 Rc4 43. Kg3 h5 44. Rf4 Rc1 45. h4 Kh7 46. Rb4 Rg1+ 47. Kh2 Rd1 48. Kg3 Rd7 49. Rf3 f6 50. Re3 Bf5 51. Rb6 Kg6 52. Rf3 Bg4 53. Re3 Rd1 54. Rb7 Kf5 55. Rxg7 Rh1 56. Ra7 Rh3+ 57. Kf2 Rh2+ 58. Kg3 Rh3+ 59. Kf2 Rxh4 60. Ra5+ Kf4 61. Ra4+ Kf5 62. Rc3 Rh2+ 63. Kg1 Rd2 64. Rc5+ Kg6 65. Raa5 f5 66. Ra8 Kg5 67. Rg8+ Kf4 68. Rc3 h4 69. Rb8 h3 70. Rb4+ Kg5 71. Rc5 Kh4 72. Rc3 Rd1+ 73. Kh2 Rd2+ 74. Kg1 Rg2+ 75. Kf1 Rg3 76. Rxg3 Kxg3 77. Kg1 h2+ 78. Kh1 Bf3# 0-1


[Site "https://www.chess.com"]

[Event "Titled Tuesday Blitz April 19 Late 2022"]
[White "Santiago, Yago De Moura"]
[Black "Jarocka, Liwia"]
[WhiteFideId "2103877"]
[BlackFideId "21807558"]
[WhiteElo "2475"]
[BlackElo "1896"]
[Result "1/2-1/2"]
[Round "01"]
[TimeControl "180+1"]
[Date "2022.04.19"]
[WhiteClock "0:00:08"]
[BlackClock "0:00:39"]

1. d4 d5 2. c4 e6 3. Nf3 Nf6 4. g3 Bb4+ 5. Nbd2 dxc4 6. Bg2 O-O 7. O-O b5 8. Qc2 Bb7 9. a4 c6 10. b3 Bxd2 11. Bxd2 cxb3 12. Qxb3 a6 13. Rfd1 Nbd7 14. Qc2 Rc8 15. Ne5 Nd5 16. e4 N5b6 17. Ba5 Qe7 18. Rdb1 Nxe5 19. dxe5 Nc4 20. Bc3 Rfd8 21. Qc1 Rd7 22. Bf1 Nb6 23. Ba5 Nxa4 24. Qe3 c5 25. h4 c4 26. h5 h6 27. Bb4 Qd8 28. Bd6 Qb6 29. Qf4 Qc6 30. Bg2 Nc5 31. g4 Nd3 32. Qe3 Rxd6 33. exd6 Qxd6 34. e5 Qc7 35. Bxb7 Qxb7 36. f4 Rd8 37. Rf1 c3 38. f5 c2 39. f6 c1=Q 40. Raxc1 Nxc1 41. fxg7 Ne2+ 42. Qxe2 Qb6+ 43. Kh1 Qc6+ 44. Kg1 Qc5+ 45. Kh1 Qd5+ 46. Kg1 Qd4+ 47. Kh1 Qd3 48. Qg2 Qd5 49. Rf3 Kxg7 50. g5 Qd1+ 51. Kh2 Rd2 52. gxh6+ Kxh6 53. Rf6+ Kh7 54. Rxf7+ Kh6 55. Rf6+ Kh7 56. Rf7+ Kh6 57. Rf6+ Kxh5 58. Rf2 Rxf2 59. Qxf2 Qg4 60. Qf7+ Kh6 61. Qc7 Qf5 62. Kg3 Kg6 63. Qd6 b4 64. Kh4 b3 65. Qb8 Qg5+ 66. Kh3 Qf5+ 67. Kh4 Qf4+ 68. Kh3 Qe3+ 69. Kg4 Qe2+ 70. Kh4 Qf2+ 71. Kg4 Qf5+ 72. Kh4 1/2-1/2


[Site "https://www.chess.com"]